 Dungeon Crawl Stone Soup version 0.14.2 (webtiles) character file.

284 corax the Covert (level 5, -3/34 HPs)
             Began as an Octopode Assassin on Sept 11, 2018.
             Slain by a big kobold (7 damage)
             ... in a sewer.
             The game lasted 00:07:01 (2836 turns).

corax the Covert (Octopode Assassin)                Turns: 2836, Time: 00:07:01

HP  -3/34        AC  1     Str 10      XL: 5   Next: 97%
MP   5/5         EV 12     Int 15      God:
Gold 64          SH  0     Dex 13      Spells:  0 memorised,  4 levels left

rFire  . . .     SeeInvis .     a - +2,+3 dagger
rCold  . . .     Clarity  +     (no shield)
rNeg   . . .     Conserve .     (helmet restricted)
rPois  .         rCorr    .     m - amulet of clarity {unknown}
rElec  .         rRot     .     (no ring)
SustAb . .       Spirit   .     q - ring of flight
rMut   .         Warding  .     (no ring)
Saprov . . .     Stasis   .     (no ring)
MR     .....                    (no ring)
                                (no ring)
                                (no ring)
                                (no ring)

@: not resistant to hostile enchantments, extremely stealthy
A: almost no armour, amphibious, 8 rings, constrict 8, camouflage 1, gelatinous
body 1
a: Evoke Flight


You were in a sewer.
You were not hungry.

You visited 1 branch of the dungeon, and saw 5 of its levels.
You also visited: Sewer.

You collected 64 gold pieces.

Inventory:

Hand weapons
 a - a +2,+3 dagger (weapon)
 b - a +0 blowgun
Missiles
 e - 23 poisoned needles
 f - 2 curare-tipped needles
Comestibles
 g - 2 bread rations
Scrolls
 h - 2 scrolls of recharging {unknown}
 n - 3 scrolls of remove curse
 o - 3 scrolls of teleportation {unknown}
 p - 2 scrolls of identify {unknown}
 s - 2 scrolls of fear {unknown}
 u - a scroll of fog {unknown}
Jewellery
 m - an amulet of clarity (around mantle) {unknown}
 q - a ring of flight (right tentacle)
Potions
 c - 2 potions of heal wounds {unknown}
 d - a potion of might {unknown}
 i - a potion of restore abilities {unknown}
 j - a potion of confusion {unknown}
 k - a potion of haste {unknown}
 l - a potion of decay {unknown}
 r - a potion of poison {unknown}
 t - a potion of magic {unknown}


   Skills:
 + Level 2.2 Fighting
 + Level 2.5 Short Blades
 + Level 2.3 Throwing
 + Level 2.4 Dodging
 + Level 8.4 Stealth


You had 4 spell levels left.
You didn't know any spells.

Dungeon Overview and Level Annotations

Branches:
Dungeon (5/15)
 Temple: D:4-7

Altars:


Innate Abilities, Weirdness & Mutations

You cannot wear most types of armour.
You are amphibious.
You can wear up to eight rings at the same time.
You can use your tentacles to constrict many enemies at once.
Your skin changes colour to match your surroundings (Stlth).
Your rubbery body absorbs attacks (AC +1).


Message History

* * * LOW HITPOINT WARNING * * *
You hit the kobold.
The kobold is almost dead.
You constrict the kobold, but do no damage.
The kobold barely misses you.
You hit the kobold but do no damage.
The kobold is almost dead.
You constrict the kobold, but do no damage.
The big kobold hits you.
* * * LOW HITPOINT WARNING * * *
The kobold misses you.
You closely miss the big kobold. Your grab misses the big kobold.
You constrict the kobold.
You kill the kobold!
The big kobold closely misses you.
You hit the big kobold. You grab the big kobold. You squeeze the big kobold.
The big kobold is lightly wounded.
You constrict the big kobold, but do no damage.
The big kobold hits you!
You die...

## ##### ## ###.#
##...## ##.
#...K#####≈..≈≈#####≈.
#..!@..((.....≈≈≈≈≈..
#..!.#####(.%..### #.%
###≈# ##.%≈## #. ##
##≈## ## #%# # #≈# #
##### ##≈## ## ##.≈.##
##...## ##≈
#....≈####.....#####..


You could see a big kobold.

Vanquished Creatures
  4 green rats
  11 adders
  2 giant mites (D:5)
  3 worms
  2 giant geckos (D:3)
  2 oozes (Sewer)
  2 giant cockroaches
  A goblin (D:2)
  5 hobgoblins
  6 kobolds
  2 quokkas
  4 ball pythons
  5 bats
  2 giant newts
  8 rats
59 creatures vanquished.

Notes
Turn   | Place    | Note
--------------------------------------------------------------
     0 | D:1      | corax, the Octopode Assassin, began the quest for the Orb.
     0 | D:1      | Reached XP level 1. HP: 14/14 MP: 1/1
   286 | D:1      | Reached XP level 2. HP: 19/19 MP: 2/2
   465 | D:1      | Reached skill level 6 in Stealth
   667 | D:2      | Reached XP level 3. HP: 17/24 MP: 3/3
   780 | D:2      | HP: 1/24 [adder (5)]
  1137 | D:3      | Reached skill level 7 in Stealth
  1137 | D:3      | Reached XP level 4. HP: 12/29 MP: 4/4
  1885 | D:4      | Noticed a phantom
  2292 | D:5      | Entered Level 5 of the Dungeon
  2381 | D:5      | Reached XP level 5. HP: 25/34 MP: 5/5
  2389 | D:5      | Reached skill level 8 in Stealth
  2390 | D:5      | Found a glowing drain.
  2395 | Sewer    | Entered a sewer
  2836 | Sewer    | Slain by a big kobold

Action                   |  1- 3 |  4- 6 || total
-------------------------+-------+-------++-------
Melee: Dagger            |    51 |    97 ||   148
  Use: Scroll            |     5 |       ||     5
       Potion            |     2 |       ||     2
 Stab: Sleeping          |     8 |     9 ||    17
